[ AOE2 MATCH · #481908513 ]
1v1 RMMaya vs Japanese
Player's team · WIN
Rival team · LOSS
[ REPLAY ANALYSIS · EXTRACTED FROM THE RECORDED GAME ]
Feudal
11:53
Castle
18:39
Imperial
—
| APM avg | 25.2 |
| APM peak | 53 |
| eAPM avg | 11.7 |
| Villagers / military | 68 / 3 |
Focus
⚔️ 7.5% · 🌾 92.5%
Monk ×2 · Militia ×1
Feudal
13:07
Castle
26:19
Imperial
—
| APM avg | 12.5 |
| APM peak | 64 |
| eAPM avg | 9.5 |
| Villagers / military | 33 / 3 |
Focus
⚔️ 12.5% · 🌾 87.5%
Militia ×3
Match map
Initial resources + every placement click. Lines = walls · curves = elevation contours. ◆ gold · ⬟ stone · ● berries · ✦ relic · ◌ wall gap
Your base· Open — unwalled flank
ddpubs's base· ✓ Closed at 26:19 · 47t walls · 3 gate(s)
Smoothed initial terrain · ◌ = detected wall gap · hover for details
Inputs per minute
— mozo815 灰色 - - ddpubs
Build order — mozo815 灰色
121 actions detected in the replay
| 0:01 | Create | Villager (Male) |
| 0:01 | Create | Villager (Male) |
| 0:02 | Create | Villager (Male) |
| 0:02 | Create | Villager (Male) |
| 0:03 | Build | House |
| 0:07 | Research | Loom |
| 0:08 | Create | Villager (Male) ×3 |
| 0:08 | Create | Villager (Male) ×3 |
| 0:10 | Build | House |
| 0:36 | Build | Lumber Camp |
| 1:37 | Create | Villager (Male) |
| 1:37 | Create | Villager (Male) |
| 2:13 | Create | Villager (Male) |
| 2:13 | Create | Villager (Male) |
| 2:40 | Create | Villager (Male) |
| 2:40 | Create | Villager (Male) |
| 3:10 | Create | Villager (Male) |
| 3:11 | Create | Villager (Male) |
| 3:17 | Build | House |
| 3:18 | Build | House |
| 3:26 | Create | Villager (Male) |
| 3:26 | Create | Villager (Male) |
| 3:59 | Create | Villager (Male) |
| 4:00 | Create | Villager (Male) |
| 4:09 | Create | Villager (Male) |
| 4:10 | Create | Villager (Male) |
| 4:37 | Create | Villager (Male) |
| 4:37 | Create | Villager (Male) |
| 4:38 | Create | Villager (Male) |
| 5:06 | Create | Villager (Male) |
| 5:07 | Create | Villager (Male) |
| 5:07 | Create | Villager (Male) |
| 5:40 | Create | Villager (Male) |
| 5:40 | Create | Villager (Male) |
| 5:55 | Create | Villager (Male) |
| 6:30 | Create | Villager (Male) |
| 6:51 | Create | Villager (Male) |
| 6:52 | Create | Villager (Male) |
| 7:21 | Create | Villager (Male) |
| 7:21 | Create | Villager (Male) |
| 7:38 | Build | House |
| 7:45 | Create | Villager (Male) |
| 7:46 | Create | Villager (Male) |
| 8:03 | Build | House |
| 8:51 | Build | Mill |
| 9:24 | Build | Mining Camp |
| 9:39 | Build | Barracks |
| 9:43 | Research | Feudal Age |
| 10:06 | Build | Farm |
| 10:07 | Build | Farm |
| 10:08 | Build | Farm |
| 10:37 | Build | Mining Camp |
| 10:42 | Create | Militia |
| 11:53 | Age | Feudal Age |
| 11:58 | Build | Blacksmith |
| 12:05 | Build | House |
| 12:40 | Create | Villager (Male) |
| 12:40 | Create | Villager (Male) |
| 12:40 | Create | Villager (Male) |
| 12:40 | Create | Villager (Male) |
| 12:41 | Create | Villager (Male) |
| 14:45 | Research | Double-Bit Axe |
| 14:47 | Research | Horse Collar |
| 14:54 | Create | Villager (Male) |
| 15:12 | Build | Archery Range |
| 15:16 | Create | Villager (Male) |
| 15:59 | Research | Castle Age |
| 15:59 | Research | Castle Age |
| 16:30 | Build | House |
| 16:31 | Build | House |
| 16:31 | Build | House |
| 17:37 | Build | House |
| 17:39 | Build | House |
| 18:39 | Age | Castle Age |
| 18:42 | Build | Town Center |
| 18:49 | Build | Monastery |
| 18:55 | Build | Town Center |
| 19:13 | Build | Farm |
| 19:35 | Create | Monk |
| 19:35 | Create | Monk |
| 19:46 | Research | Fervor |
| 19:48 | Research | Sanctity |
| 19:52 | Create | Villager (Male) |
| 19:53 | Create | Villager (Male) |
| 19:53 | Create | Villager (Male) |
| 19:53 | Create | Villager (Male) |
| 19:53 | Create | Villager (Male) |
| 19:54 | Create | Villager (Male) |
| 20:11 | Build | Mill |
| 20:31 | Build | Farm |
| 20:35 | Build | Farm |
| 20:38 | Create | Villager (Male) |
| 20:38 | Create | Villager (Male) |
| 21:17 | Create | Villager (Male) |
| 21:17 | Create | Villager (Male) |
| 21:54 | Create | Villager (Male) |
| 22:40 | Research | Wheelbarrow |
| 22:43 | Create | Villager (Male) |
| 22:43 | Create | Villager (Male) |
| 23:17 | Create | Villager (Male) |
| 23:21 | Build | Farm |
| 25:36 | Create | Villager (Male) |
| 25:37 | Create | Villager (Male) |
| 25:37 | Create | Villager (Male) |
| 25:37 | Create | Villager (Male) |
| 25:37 | Create | Villager (Male) |
| 25:37 | Create | Villager (Male) |
| 25:38 | Create | Villager (Male) |
| 26:10 | Build | House |
| 26:13 | Build | House |
| 26:16 | Build | House |
| 26:35 | Build | House |
| 26:58 | Build | Farm |
| 26:58 | Build | Farm |
| 27:00 | Build | Farm |
| 27:01 | Build | Farm |
| 27:01 | Build | Farm |
| 27:01 | Build | Farm |
| 27:01 | Build | Farm |
| 27:02 | Build | Farm |
| 27:02 | Build | Farm |
Build order — ddpubs
92 actions detected in the replay
| 0:02 | Create | Villager (Male) |
| 0:02 | Create | Villager (Male) |
| 0:03 | Create | Villager (Male) |
| 0:06 | Build | House |
| 0:06 | Build | House |
| 1:22 | Create | Villager (Male) |
| 1:34 | Create | Villager (Male) |
| 2:20 | Build | Lumber Camp |
| 2:24 | Create | Villager (Male) |
| 2:33 | Create | Villager (Male) |
| 3:03 | Create | Villager (Male) |
| 3:25 | Create | Villager (Male) |
| 3:41 | Build | House |
| 3:57 | Build | House |
| 4:05 | Create | Villager (Male) |
| 4:41 | Build | Mill |
| 5:03 | Create | Villager (Male) |
| 5:03 | Create | Villager (Male) |
| 5:48 | Build | Palisade Wall |
| 6:00 | Build | Palisade Wall |
| 6:55 | Build | Barracks |
| 7:09 | Create | Villager (Male) |
| 7:39 | Build | House |
| 8:12 | Build | Palisade Gate |
| 8:26 | Build | Palisade Wall |
| 8:40 | Build | House |
| 8:57 | Create | Militia |
| 8:58 | Create | Militia |
| 8:58 | Create | Militia |
| 9:59 | Build | Palisade Wall |
| 10:10 | Create | Villager (Male) |
| 10:18 | Build | Palisade Wall |
| 10:35 | Build | Palisade Gate |
| 10:57 | Research | Feudal Age |
| 11:04 | Build | Farm |
| 11:05 | Build | Farm |
| 11:05 | Build | Farm |
| 11:06 | Build | Farm |
| 11:07 | Build | Farm |
| 11:08 | Build | Farm |
| 11:33 | Build | Mining Camp |
| 11:48 | Build | Palisade Gate |
| 12:13 | Create | Villager (Male) |
| 12:13 | Create | Villager (Male) |
| 13:07 | Age | Feudal Age |
| 13:21 | Build | Watch Tower |
| 13:35 | Create | Villager (Male) |
| 13:50 | Create | Villager (Male) |
| 14:37 | Research | Man-at-Arms (upgrade) |
| 14:50 | Create | Villager (Male) |
| 15:17 | Build | Mining Camp |
| 15:21 | Create | Villager (Male) |
| 15:31 | Create | Villager (Male) |
| 15:54 | Create | Villager (Male) |
| 16:13 | Create | Villager (Male) |
| 16:13 | Create | Villager (Male) |
| 16:25 | Research | Stone Mining |
| 16:39 | Research | Horse Collar |
| 16:54 | Research | Double-Bit Axe |
| 17:07 | Build | Farm |
| 17:09 | Build | Farm |
| 17:11 | Build | Farm |
| 17:13 | Build | Farm |
| 17:41 | Research | Gold Mining |
| 17:53 | Build | Blacksmith |
| 18:03 | Create | Villager (Male) |
| 18:03 | Create | Villager (Male) |
| 18:40 | Create | Villager (Male) |
| 18:59 | Build | Market |
| 19:21 | Create | Villager (Male) |
| 19:38 | Build | Farm |
| 19:38 | Build | Farm |
| 19:39 | Build | Farm |
| 19:40 | Build | Farm |
| 19:59 | Create | Villager (Male) |
| 20:19 | Build | Farm |
| 21:08 | Build | Farm |
| 21:21 | Build | Farm |
| 21:30 | Create | Villager (Male) |
| 22:14 | Create | Villager (Male) |
| 22:44 | Create | Villager (Male) |
| 22:49 | Create | Villager (Male) |
| 23:08 | Build | House |
| 23:11 | Build | House |
| 23:12 | Build | House |
| 23:19 | Build | House |
| 23:39 | Research | Castle Age |
| 25:26 | Build | House |
| 26:07 | Build | Mining Camp |
| 26:19 | Age | Castle Age |
| 26:25 | Build | Lumber Camp |
| 27:06 | Build | Castle |
Match timeline
| 5:48 | ddpubs · wall_segment Palisade Wall x8 |
| 6:00 | ddpubs · wall_segment Palisade Wall x19 |
| 6:55 | ddpubs · first_building Barracks |
| 8:26 | ddpubs · wall_segment Palisade Wall x5 |
| 9:39 | mozo815 灰色 · first_building Barracks |
| 9:59 | ddpubs · wall_segment Palisade Wall x13 |
| 10:18 | ddpubs · wall_segment Palisade Wall x2 |
| 11:53 | mozo815 灰色 · age_up feudal |
| 13:07 | ddpubs · age_up feudal |
| 15:12 | mozo815 灰色 · first_building Archery Range |
| 18:39 | mozo815 灰色 · age_up castle |
| 18:49 | mozo815 灰色 · first_building Monastery |
| 26:19 | ddpubs · age_up castle |
| 27:06 | ddpubs · first_building Castle |
| 27:16 | ddpubs · resign |
[ AI ANALYSIS · 1 CREDIT ]
What really happened in this match?
Wolo.gg analyzes every decision: build order, eco, micro, common mistakes by bracket. Personalized analysis on WhatsApp or Discord in 30 seconds.
Civ guide
Maya
Map guide
Arabia
Perfil
mozo815 灰色